 Dungeon Crawl Stone Soup version 0.31-a0-988-g08d55dae12 (webtiles) character file.

Game seed: 3558378505755145659

5 Azuregosa the Sneak (level 1, -5/16 HPs)
             Began as an Octopode Delver on Nov 5, 2023.
             Was an Initiate of Dithmenos.
             Slain by a scorpion (7 damage)
             ... on level 4 of the Dungeon.
             The game lasted 00:02:52 (167 turns).

Azuregosa the Sneak (Octopode Delver)                Turns: 167, Time: 00:02:53

Health: -5/16      AC:  1    Str: 11    XL:     1   Next: 80%
Magic:  1/1        EV: 13    Int: 12    God:    Dithmenos [......]
Gold:   13         SH:  0    Dex: 13    Spells: 0/0 levels left

rFire   . . .        a - +0 short sword
rCold   . . .        (no shield)
rNeg    . . .        (helmet restricted)
rPois   .            (no amulet)
rElec   .            (no ring)
rCorr   .            (no ring)
SInv    .            (no ring)
Will    .....        (no ring)
Stlth   ++++         (no ring)
HPRegen 0.22/turn    (no ring)
MPRegen 0.07/turn    (no ring)
                     (no ring)

%: no passive effects
@: no status effects
A: almost no armour, amphibious, 8 rings, camouflage 1, gelatinous body 1,
(nimble swimmer 1), tentacles
a: Renounce Religion


You were on level 4 of the Dungeon.
You worshipped Dithmenos.
Dithmenos was noncommittal.
You visited 2 branches of the dungeon, and saw 3 of its levels.

You collected 13 gold pieces.

Inventory:

Hand Weapons
 a - a +0 short sword (weapon)
Missiles
 c - 5 stones
Wands
 f - a wand of digging (3)
Scrolls
 b - a scroll of fog
 d - a scroll of fear
 g - a scroll of vulnerability {unknown}
Potions
 e - a potion of haste


   Skills:
 - Level 3.1 Fighting
 - Level 2.1 Short Blades
 - Level 2.1 Dodging
 + Level 6.7 Stealth


You couldn't memorise any spells.
You didn't know any spells.
Your spell library was empty.

Dungeon Overview and Level Annotations

Branches:
Dungeon (5/15)             Temple (1/1) D:5

Altars:
Ashenzari
Cheibriados
Dithmenos
Elyvilon
Hepliaklqana
Makhleb
Nemelex Xobeh
Okawaru
Qazlal
Sif Muna
Uskayaw
Vehumet
Xom
Yredelemnul
Zin
The Shining One


Innate Abilities, Weirdness & Mutations

You cannot wear most types of armour.
You are amphibious.
You can wear up to eight rings at the same time.
Your skin changes colour to match your surroundings (Stealth+).
Your rubbery body absorbs attacks. (AC +1, EV +1)
((You are camouflaged when in or above water. (Stealth+)))
You have tentacles for arms and can constrict up to eight enemies at once.


Message History

Nothing quivered!
A goblin comes into view. It is wielding a +0 club.
Found a robe.
Found a stone staircase leading up.
A scorpion comes into view.
Found 10 gold pieces.
The goblin shouts!
You hear a bark!
The goblin unwields a +0 club.
The goblin wields a +0 sling.
The goblin shoots a sling bullet.
The sling bullet hits you but does no damage.
The goblin shoots a sling bullet.
The sling bullet hits you!
The goblin shoots a sling bullet.
The sling bullet barely misses you. The scorpion closely misses you.
The goblin shoots a sling bullet.
The sling bullet closely misses you. The scorpion stings you.
* * * LOW HITPOINT WARNING * * *
A hound comes into view.
The goblin shoots a sling bullet.
The sling bullet barely misses you.
The goblin shoots a sling bullet.
The sling bullet hits you.
* * * LOW HITPOINT WARNING * * *
You barely miss the scorpion. Your grab misses the scorpion.
You squeeze the scorpion.
The scorpion is lightly wounded.
The scorpion barely misses you.
You closely miss the scorpion. You grab the scorpion.
The scorpion is lightly wounded.
You constrict the scorpion, but do no damage.
The scorpion closely misses you.
You hit the scorpion but do no damage. You squeeze the scorpion.
The scorpion is heavily wounded.
You constrict the scorpion, but do no damage.
The scorpion closely misses you. The scorpion barely misses you.
You hit the scorpion but do no damage.
The scorpion is heavily wounded.
You constrict the scorpion. The scorpion completely misses you.
You barely miss the scorpion. You squeeze the scorpion.
The scorpion is severely wounded.
You constrict the scorpion, but do no damage.
The scorpion stings you!
You die...

##........#####.#.......#
#..........# #.#.......#
#...<......# ..#.......#
#..........##.###.......#
#............. #.......#
...........## #.......###
.#........## #.##.#....#
..........g######.##......#
..........hs@.....##..#...#
#..........######.....#...#
...........# #.##.######
#$.........# #.##.#
#.........## #.##.#
.........## ..##.#
.#.#.[#### ####.# ..#.# #.#
.#


You could see a scorpion, a hound and a goblin.

Vanquished Creatures
  4 jackals
4 creatures vanquished.

Notes
Turn   | Place    | Note
-------+----------+-------------------------------------------
     0 | D:5      | Azuregosa the Octopode Delver began the quest for the Orb.
     0 | D:5      | Reached XP level 1. HP: 16/16 MP: 1/1
     6 | Temple   | Entered the Ecumenical Temple
    31 | Temple   | Became a worshipper of Dithmenos the Shadowed
   154 | D:4      | Noticed a scorpion
   160 | D:4      | Noticed a hound
   167 | D:4      | Slain by a scorpion

Illustrated notes

Levels and vault maps discovered:
D:4:      layout_rooms, nicolae_ru_the_path_less_chosen, serial_shops,
          nicolae_square_shop
D:5:      layout_basic, tgw_trog, minmay_temple_entry_butterflies, serial_shops,
          nicolae_square_shop, uniq_eustachio
Temple:   regret_index_temple_sphere_string

Action                     || total
---------------------------++-------
  Melee: Short sword       ||    17
         Tentacles         ||     6
         Constrict         ||     5
    Use: Scroll            ||     1
 Armour: Skin              ||    18
  Dodge: Dodged            ||    24

Table legend: (Time is in decaauts)
 A = Elapsed time spent in this place.
 B = Non-inter-level travel time spent in this place.
 C = Inter-level travel time spent in this place.
 D = Time resting spent in this place.
 E = Time spent auto-exploring this place.
 F = Levels seen in this place.
 G = Mean time per level.
                   A        B        C        D        E       F      G
               +--------+--------+--------+--------+--------+-----+--------+
         Total |    166 |    142 |     24 |     35 |      6 |   3 |   55.3 |
       Dungeon |    115 |    115 |      0 |     35 |      6 |   2 |   57.5 |
        Temple |     50 |     26 |     24 |      0 |      0 |   1 |   50.0 |
               +--------+--------+--------+--------+--------+-----+--------+

Top non-repeatable levels by time:
     D:4: 72 daAuts
  Temple: 50 daAuts
     D:5: 43 daAuts
